 Dungeon Crawl Stone Soup version 0.27-a0-1105-g946c659c87 (console) character file.

Game seed: 3333151539449122058

199 GreatCaesar the Magician (level 5, 0/39 HPs)
             Began as a Djinni Arcane Marksman on Apr 29, 2021.
             Slain by a hound zombie (2 damage)
             ... in an ossuary.
             The game lasted 00:15:13 (5177 turns).

GreatCaesar the Magician (Djinni Arcane Marksman)   Turns: 5177, Time: 00:15:14

Health: 0/39       AC:  4    Str:  8 (9)  XL:     5   Next: 77%
Gold:   160        EV: 12    Int: 14 (15) God:
                   SH:  0    Dex: 12 (14)

rFire    + + .     SeeInvis .   a - +0 whip (venom)
rCold    x . .     Faith    .   (no shield)
rNeg     . . .     Spirit   .   t - +0 robe
rPois    ∞         Reflect  .   h - +0 helmet
rElec    .         Harm     .   (no cloak)
rCorr    .         Rampage  .   g - +0 pair of gloves
Will     .....                  (boots unavailable)
Stlth    +.........             (no amulet)
HPRegen  0.13/turn              (no ring)
MPRegen  0.00/turn              (no ring)

@: flying
A: fire resistance 2, cold vulnerability 1, float, innate caster, hp casting,
extra vitality 1
a: no special abilities


You were in an ossuary.
You visited 1 branch of the dungeon, and saw 4 of its levels.
You also visited: Ossuary.

You collected 160 gold pieces.

Inventory:

Hand Weapons
 a - a +0 whip of venom (weapon)
 e - a +0 whip
 m - a +0 falchion
 u - a +0 spear
 x - a +0 war axe
Missiles
 c - 5 javelins (quivered)
 d - 2 throwing nets
 l - 77 stones
 A - 17 poisoned darts
Armour
 g - a +0 pair of gloves (worn)
 h - a +0 helmet (worn)
 t - a +0 robe (worn)
Jewellery
 y - an amulet of guardian spirit
Wands
 p - a wand of acid (7)
 q - a wand of flame (10)
Scrolls
 b - a scroll of acquirement {unknown}
 f - 2 scrolls of magic mapping {unknown}
 k - 3 scrolls of teleportation {unknown}
 v - a scroll of noise {unknown}
 w - a scroll of identify {unknown}
 z - a scroll of enchant armour {unknown}
Potions
 i - a potion of lignification {unknown}
 j - 2 potions of curing
 n - a potion of degeneration
 o - a potion of heal wounds {unknown}
 r - a potion of mutation {unknown}
 s - a potion of attraction {unknown}


   Skills:
 * Level 2.4 Fighting
 - Level 1.5 Throwing
 + Level 3.0 Dodging
 + Level 4.6 Spellcasting


You couldn't memorise any spells.
You knew the following spells:

 Your Spells              Type           Power      Damage    Failure   Level
a - Pain                  Necr           64%        1d7       2%          1
c - Corona                Hex            17%        N/A       2%          1
d - Static Discharge      Conj/Air       16%        N/A       4%          2
f - Cause Fear            Hex            8%         N/A       26%         4
g - Inner Flame           Hex/Fire       16%        N/A       9%          3
l - Leda's Liquefaction   Hex/Erth       8%         N/A       26%         4
p - Portal Projectile     Hex/Tloc       32%        N/A       9%          3
s - Slow                  Hex            16%        N/A       4%          2
Your spell library was empty.

Dungeon Overview and Level Annotations

Branches:
Dungeon (4/15)            Ossuary (1/1)
 Temple: D:4-7

Altars:
Elyvilon


Innate Abilities, Weirdness & Mutations

You are immune to poison.
Your flesh is very heat resistant. (rF++)
You are vulnerable to cold. (rC-)
You float through the air rather than walking.
You learn spells naturally, not from books.
Your magical power is your life essence.
You have superior vitality. (+4 HP)


Message History

The hound zombie bites you.
* * * LOW HITPOINT WARNING * * *
Found 18 gold pieces.
The jackal zombie bites you but does no damage.
The hound zombie bites you.
* * * LOW HITPOINT WARNING * * *
Press: ? - help, v - describe, . - travel
Here: a jackal zombie The floor.
Unknown command.
Casting: Static Discharge (safe; 3% risk of failure)
Confirm with . or Enter, or press ? or * to list all spells.
You don't have enough health to cast this spell.
It was a potion of curing.
You feel better.
The hound zombie bites you but does no damage.
The hound zombie closely misses you.
Casting: Static Discharge (safe; 3% risk of failure)
Confirm with . or Enter, or press ? or * to list all spells.
The spell is extremely dangerous to cast (26% risk of failure)!
Continue anyway?
The mummy is unaffected.
The human zombie is unaffected.
The hobgoblin zombie is unaffected.
The hound zombie is unaffected. x2
The jackal zombie is unaffected.
* * * LOW HITPOINT WARNING * * *
The hound zombie barely misses you. The jackal zombie bites you.
* * * LOW HITPOINT WARNING * * *
The hound zombie bites you but does no damage.
The hound zombie barely misses you.
The jackal zombie bites you but does no damage.
The hound zombie closely misses you. The jackal zombie closely misses you.
The hound zombie misses you. The hound zombie barely misses you.
The jackal zombie bites you but does no damage.
The hound zombie closely misses you. The hound zombie bites you.
* * * LOW HITPOINT WARNING * * *
The hound zombie closely misses you.
It was a potion of degeneration.
There was something very wrong with that liquid.
You feel weakened.
You feel dopey.
You feel clumsy. The hound zombie bites you.
You die...

#..#.Z.....................#
#.......M.........ZM..........
#......Z......................#
#.....##.Z........Z....##.....#
#.....##...............##.....#
#.........Z...................#
#.................Z...........
#+##.........#####.........
??#...........@Z.Z........
?#...........∩Z..........
#########################


You could see a jackal zombie and 2 hound zombies.

Vanquished Creatures
  Natasha (thrice) (D:2)
  A hound zombie (Ossuary)
  Robin (D:2)
  3 gnolls (D:3)
  An adder (D:2)
  A worm (D:3)
  3 ball pythons
  5 endoplasms
  3 giant cockroaches
  6 hobgoblins
  4 jackals (D:1)
  A quokka (D:2)
  4 bats
  3 frilled lizards
  14 goblins
  6 kobolds
  A rat (D:1)
60 creatures vanquished.

Notes
Turn   | Place    | Note
-------+----------+-------------------------------------------
     0 | D:1      | GreatCaesar the Djinni Arcane Marksman began the quest for
                  | the Orb.
     0 | D:1      | Reached XP level 1. HP: 17/17 MP: 0/0
     3 | D:1      | Noticed an electric eel
     4 | D:1      | Noticed an electric eel
    95 | D:1      | Reached skill level 3 in Spellcasting
    95 | D:1      | Reached XP level 2. HP: 8/22 MP: 0/0
  1969 | D:2      | Found a white marble altar of Elyvilon.
  1973 | D:2      | Reached XP level 3. HP: 26/27 MP: 0/0
  1973 | D:2      | Learned a level 1 spell: Pain
  2529 | D:2      | Noticed Natasha
  2531 | D:2      | Killed Natasha
  2581 | D:2      | Noticed Natasha
  2584 | D:2      | Reached XP level 4. HP: 24/33 MP: 0/0
  2589 | D:2      | Killed Natasha
  2659 | D:2      | Noticed Natasha
  2670 | D:2      | Killed Natasha
  2671 | D:2      | Reached skill level 4 in Spellcasting
  2902 | D:2      | Noticed Robin
  3220 | D:2      | Killed Robin
  3221 | D:2      | Reached XP level 5. HP: 15/38 MP: 0/0
  3221 | D:2      | Learned a level 2 spell: Static Discharge
  4783 | D:3      | Found a faded altar of an unknown god.
  5091 | D:4      | Found a sand-covered staircase.
  5095 | Ossuary  | Entered an ossuary
  5163 | Ossuary  | HP: 1/39 [hound zombie (1)]
  5177 | Ossuary  | Slain by a hound zombie

Illustrated notes

Levels and vault maps discovered:
D:1:      arrival_aquarium_b, layout_basic
D:2:      layout_rooms, basic_altar, grunt_decor_clamped, uniq_natasha,
          uniq_robin
D:3:      layout_basic, chequers_ecumenical_altar_simple,
          chequers_serial_rivers_marsh
D:4:      layout_layer_cave, cheibrodos_worm_habitat, nzn_wu_jian_council_hall,
          lightli_temple_of_fire, enter_ossuary_5
Ossuary:  ossuary_minmay_tomb_2a

Skill      XL: |  1  2  3  4 |
---------------+-------------+-----
Spellcasting   | 3 4 |  4.6
Fighting       | 2 |  2.4
Dodging        | 3 |  3.0
Throwing       | |  1.5

Action                   |  1- 3 |  4- 6 || total
-------------------------+-------+-------++-------
Melee: Unarmed           |    59 |       ||    59
       Short sword       |    32 |     2 ||    34
       Whip              |    14 |     1 ||    15
       Falchion          |       |     4 ||     4
Throw: Javelin           |    11 |     5 ||    16
 Cast: Corona            |    11 |       ||    11
       Slow              |     4 |     2 ||     6
       Pain              |    21 |    29 ||    50
       Static Discharge  |       |    26 ||    26
       Cause Fear        |       |     1 ||     1
Evoke: Wand              |     1 |     1 ||     2
  Use: Potion            |       |     2 ||     2
Armor: Robe              |    23 |    22 ||    45
Dodge: Dodged            |    87 |    54 ||   141
       Rpst.: Falchion   |       |     2 ||     2

Table legend: (Time is in decaauts)
 A = Elapsed time spent in this place.
 B = Non-inter-level travel time spent in this place.
 C = Inter-level travel time spent in this place.
 D = Time resting spent in this place.
 E = Time spent auto-exploring this place.
 F = Levels seen in this place.
 G = Mean time per level.
                   A        B        C        D        E       F      G
               +--------+--------+--------+--------+--------+-----+--------+
         Total |   5193 |   4903 |    290 |   1338 |   2757 |   5 | 1038.6 |
       Dungeon |   5112 |   4822 |    290 |   1338 |   2757 |   4 | 1278.0 |
       Ossuary |     81 |     81 |      0 |      0 |      0 |   1 |   81.0 |
               +--------+--------+--------+--------+--------+-----+--------+

Top non-repeatable levels by time:
     D:1: 2386 daAuts
     D:2: 1490 daAuts
     D:3: 1151 daAuts
     D:4: 84 daAuts
 Ossuary: 81 daAuts
